AoeStats
← TheUnity-BvB09

Arabia

503330022Analyzed
1v1 RM · 1mo ago on Aug 31, 2026· 38m 57s· 2 players
Game mode
Random Map
Map size
Tiny (2 player)
Population
200
Speed
Normal
Resources
Standard
Victory
Conquest
Starting age
Dark Age
Ending age
Imperial Age
RankedLock teamsTeams togetherTeam positionsShared explorationLock speedFull tech treeHidden civsTurbo modeCheats
Victory
Defeat
🇦🇺 Khitans · Australia
1035
+16
🇲🇽 Maya · Mexico
1031
-16
TheUnity-BvB09
0:26 Loom
9:58 Feudal Age
10:56 Double-Bit Axe
14:23 Wheelbarrow
20:05 Castle Age
18:22 Gold Mining
18:43 Fletching
20:14 Padded Archer Armor
20:13 Crossbowman
24:51 Ballistics
27:32 Leather Archer Armor
27:57 Thumb Ring
32:04 Elite Skirmisher
39:18 Imperial Age
jj.gee
6:46 Loom
9:42 Feudal Age
10:24 Double-Bit Axe
13:04 Domestication
16:16 Forging
16:19 Scale Barding Armor
17:43 Fletching
21:46 Castle Age
23:09 Iron Casting
22:55 Chain Barding Armor
23:17 Husbandry
24:07 Bow Saw
32:52 Gambesons
32:27 Man-at-Arms
33:39 Long Swordsman
34:21 Squires
34:26 Gold Mining
36:26 Stone Mining
37:04 Lamellar Armor
38:32 Stone Shaft Mining
38:10 Scale Mail Armor
Connection lost

Rejoining the realm…

Still unreachable

The connection could not be restored.

Session expired

The server has moved on; the page needs a fresh start.